 Dungeon Crawl Stone Soup version 0.30-a0-777-ga9a30cbeda (webtiles) character file.

Game seed: 9560175334373331776

543 Newt the Skirmisher (level 7, 0/44 HPs)
             Began as a Kobold Hunter on Feb 14, 2023.
             Slain by a lemure (8 damage)
             ... led by Pikel
             ... on level 4 of the Dungeon.
             The game lasted 00:04:24 (4234 turns).

Newt the Skirmisher (Kobold Hunter)                 Turns: 4234, Time: 00:04:24

Health: 0/44       AC:  5    Str:  8    XL:     7   Next: 52%
Magic:  7/7        EV: 14    Int: 11    God:
Gold:   194        SH:  5    Dex: 20    Spells: 6/6 levels left

rFire   . . .      SeeInvis .    a - +0 shortbow
rCold   . . .      Faith    .    (shield currently unavailable)
rNeg    . . .      Spirit   .    c - +0 leather armour
rPois   .          Reflect  +    (no helmet)
rElec   .          Harm     .    (no cloak)
rCorr   .          Rampage  .    (no gloves)
Will    .....                    h - +1 pair of boots
Stlth   +++                      l - amulet of reflection
HPRegen 0.27/turn                (no ring)
MPRegen 0.10/turn                (no ring)

@: about to teleport
A: small, no large weapons, nightstalker 3
a: no special abilities


You were on level 4 of the Dungeon.
You visited 1 branch of the dungeon, and saw 4 of its levels.

You collected 194 gold pieces.

Inventory:

Hand Weapons
 a - a +0 shortbow (weapon)
Missiles
 d - 5 poisoned darts
Armour
 c - a +0 leather armour (worn)
 h - a +1 pair of boots (worn)
Jewellery
 l - an amulet of reflection (around neck)
Wands
 n - a wand of flame (5)
Scrolls
 b - a scroll of immolation
 g - 2 scrolls of teleportation
 k - a scroll of enchant weapon {unknown}
 q - a scroll of enchant armour
Potions
 e - a potion of haste
 f - a potion of ambrosia {unknown}
 i - a potion of heal wounds {unknown}
 j - a potion of attraction
 m - a potion of invisibility {unknown}
 p - a potion of flight {unknown}


   Skills:
 - Level 5.0 Fighting
 + Level 9.8 Ranged Weapons
 - Level 2.4 Dodging
 - Level 1.3 Stealth


You had 6 spell levels left.
You didn't know any spells.
Your spell library contained the following spells:

 Spells                   Type           Power      Damage    Failure   Level
 Apportation              Tloc           0%         N/A       45%         1
 Cigotuvi's Dreadful Rot  Necr/Pois/Air  0%         N/A       61%         2
 Poisonous Vapours        Pois/Air       0%         N/A       61%         2
 Kindle Blastsparks       Fire/Tloc/Air  0%         2d10      83%         3
 Mephitic Cloud           Conj/Pois/Air  0%         N/A       83%         3
 Fulminant Prism          Conj/Hex       0%         3d5       99%         4
 Iskenderun's Mystic Bla  Conj/Tloc      0%         2d3       99%         4
 Alistair's Intoxication  Tmut/Pois      0%         N/A       100%        5
 Lee's Rapid Deconstruct  Erth           0%         3d4*      100%        5


Dungeon Overview and Level Annotations

Branches:
Dungeon (4/15)
 Temple: D:4-7

Altars:
Ashenzari
Cheibriados
Yredelemnul

Shops:
D:2 [

Annotations:
D:3 1 runed translucent door
D:4 Pikel


Innate Abilities, Weirdness & Mutations

You are small and have problems with some larger weapons.
You are completely attuned to the shadows.


Message History

You assume a fearsome visage.
Pikel looks frightened!
The lemure looks frightened! x2
Fire: a) +0 shortbow
Press: ? - help, Shift-Dir - straight line, f/p - Pikel
Aim: Pikel, wielding a +1 whip of freezing and wearing a +1 robe of the Archmagi (severely wounded, inner flame, fleeing, 62% to hit)
You shoot an arrow.
The arrow hits Pikel but does no damage.
Your attack snaps Pikel out of his fear.
Pikel is severely wounded.
Fire: a) +0 shortbow
Press: ? - help, Shift-Dir - straight line, f/p - Pikel
Aim: Pikel, wielding a +1 whip of freezing and wearing a +1 robe of the Archmagi (severely wounded, inner flame, fleeing, 62% to hit)
You shoot an arrow.
The arrow hits Pikel but does no damage.
Pikel is severely wounded.
Fire: a) +0 shortbow
Press: ? - help, Shift-Dir - straight line, f/p - Pikel
Aim: Pikel, wielding a +1 whip of freezing and wearing a +1 robe of the Archmagi (severely wounded, inner flame, fleeing, 62% to hit)
You shoot an arrow.
The arrow hits Pikel but does no damage.
Pikel is severely wounded.
Found 15 gold pieces.
Found a stone staircase leading down.
You now have 194 gold pieces (gained 15).
The lemure misses you. You block the lemure's attack. The lemure hits you!
* * * LOW HITPOINT WARNING * * *
The lemure hits you.
* * * LOW HITPOINT WARNING * * *
The lemure attacks as you move away! The lemure closely misses you.
Found a scroll of identify.
The lemure attacks as you move away! The lemure hits you.
* * * LOW HITPOINT WARNING * * *
The lemure completely misses you.
As you read the scroll of teleportation, it crumbles to dust.
You feel strangely unstable. The lemure misses you.
You block the lemure's attack. The lemure attacks as you move away!
The lemure hits you!
You die...

#.5.<#....
###########.###
......#######.#..
..................
#....##...........##
#........#####.....#
.#........# #......
..........'. #.5....
...#......#.#
#5@.?..
..........#.#
#...### ..........#
.....# ...........
##..... ........##
##..... ........#
........ .......
.#....


You could see 2 lemures.

Vanquished Creatures
  Menkaure (D:4)
  A centaur (D:4)
  A lemure (D:2)
  2 scorpions (D:4)
  A human zombie (D:3)
  An orc priest (D:3)
  An orc wizard (D:3)
  5 adders
  2 dart slugs
  11 orcs
  7 ball pythons
  4 endoplasms
  3 giant cockroaches
  7 hobgoblins
  5 jackals
  11 kobolds
  5 quokkas
  8 bats
  2 frilled lizards
  8 goblins
  4 rats (D:1)
90 creatures vanquished.

Notes
Turn   | Place    | Note
-------+----------+-------------------------------------------
     0 | D:1      | Newt the Kobold Hunter began the quest for the Orb.
     0 | D:1      | Reached XP level 1. HP: 12/12 MP: 1/1
    80 | D:1      | Reached XP level 2. HP: 17/18 MP: 2/2
   246 | D:1      | Found a faded altar of an unknown god.
   307 | D:1      | Reached XP level 3. HP: 23/23 MP: 3/3
  1099 | D:2      | Found Qouruu's Armour Boutique.
  1171 | D:2      | Found a snail-covered altar of Cheibriados.
  1268 | D:2      | Reached XP level 4. HP: 25/30 MP: 4/4
  2011 | D:3      | Reached skill level 5 in Fighting
  2031 | D:3      | Reached XP level 5. HP: 17/35 MP: 5/5
  2202 | D:3      | Noticed a human
  2203 | D:3      | Found a runed translucent door.
  2232 | D:3      | Reached skill level 6 in Ranged Weapons
  2584 | D:3      | Reached skill level 7 in Ranged Weapons
  2691 | D:3      | Reached XP level 6. HP: 40/40 MP: 6/6
  2698 | D:3      | Found a broken altar of Ashenzari.
  3047 | D:3      | Found a basalt altar of Yredelemnul.
  3189 | D:4      | Noticed Pikel
  3883 | D:4      | Reached skill level 8 in Ranged Weapons
  3886 | D:4      | Reached skill level 9 in Ranged Weapons
  3886 | D:4      | Reached XP level 7. HP: 17/44 MP: 7/7
  4179 | D:4      | Noticed Menkaure
  4187 | D:4      | Killed Menkaure
  4234 | D:4      | Slain by a lemure

Illustrated notes

Levels and vault maps discovered:
D:1:      dpeg_arrival_water_altar, layout_basic,
          chequers_ecumenical_altar_simple_redux
D:2:      minmay_general_purpose_star, layout_basic, serial_shops,
          nicolae_shop_crystal, basic_altar
D:3:      cheibrodos_pilgrimage, layout_loops_ring,
          nicolae_ashenzari_panopticon, dk_yredelemnul_ordeal
D:4:      layout_basic, lemuel_blue_sif_altar, cheibrodos_worm_habitat,
          nicolae_shop_dragon_depot, minmay_misc_feat_pillars,
          minmay_pentomino_pile, uniq_pikel, uniq_menkaure

Skill      XL: |  1  2  3  4  5  6 |
---------------+-------------------+-----
Fighting       | 3 4 5 |  5.0
Ranged Weapons | 7 9 |  9.8
Dodging        | |  2.4
Stealth        | |  1.3

Action                     |  1- 3 |  4- 6 |  7- 9 || total
---------------------------+-------+-------+-------++-------
  Melee: Shortbow          |       |     3 |       ||     3
   Fire: Shortbow          |   100 |   130 |    22 ||   252
  Throw: Dart              |       |     1 |       ||     1
  Evoke: Wand              |       |       |     5 ||     5
    Use: Scroll            |     1 |     6 |     3 ||    10
         Potion            |       |     5 |       ||     5
 Armour: Leather armour    |    14 |    32 |     6 ||    52
  Dodge: Dodged            |    63 |    79 |    12 ||   154
  Block: Other             |       |    24 |     5 ||    29

Table legend: (Time is in decaauts)
 A = Elapsed time spent in this place.
 B = Non-inter-level travel time spent in this place.
 C = Inter-level travel time spent in this place.
 D = Time resting spent in this place.
 E = Time spent auto-exploring this place.
 F = Levels seen in this place.
 G = Mean time per level.
                   A        B        C        D        E       F      G
               +--------+--------+--------+--------+--------+-----+--------+
         Total |   4307 |   4150 |    157 |   1273 |   2306 |   4 | 1076.8 |
       Dungeon |   4307 |   4150 |    157 |   1273 |   2306 |   4 | 1076.8 |
               +--------+--------+--------+--------+--------+-----+--------+

Top non-repeatable levels by time:
     D:3: 1338 daAuts
     D:2: 1298 daAuts
     D:1: 1016 daAuts
     D:4: 654 daAuts
